 Dungeon Crawl Stone Soup version 0.18-a0-801-gb01a236 (webtiles) character file.

32 vonhedlund the Bolt Thrower (level 3, 0/29 HPs)
             Began as a Centaur Hunter on Aug 26, 2015.
             Slain by Terence
             ... wielding a +1 trident of flaming
              (5 damage)
             ... on level 2 of the Dungeon on Dec 14, 2015.
             The game lasted 00:10:45 (1154 turns).

vonhedlund the Bolt Thrower (Centaur Hunter)        Turns: 1154, Time: 00:10:45

Health: 0/29       AC:  4    Str: 15    XL:     3   Next: 8%
Magic:  3/3        EV:  9    Int: 10    God:
Gold:   70         SH:  0    Dex:  9    Spells: 0 memorised, 2 levels left

rFire  . . .     SeeInvis .     n - +2 dagger (venom)
rCold  . . .     Clarity  .     d - +0 leather armour
rNeg   . . .     SustAt   .     (no shield)
rPois  .         Gourm    .     (no helmet)
rElec  .         Spirit   .     (no cloak)
rCorr  .         Dismiss  .     (no gloves)
rMut   .         Stasis   .     (no barding)
MR     .....                    (no amulet)
Stlth  +.........               (no ring)
                                (no ring)

@: very quick, not resistant to hostile enchantments, very unstealthy
A: hooves 3, deformed body, speed 2, tough skin 3
a: no special abilities


You were on level 2 of the Dungeon.
You were not hungry.

You visited 1 branch of the dungeon, and saw 2 of its levels.

You collected 70 gold pieces.

Inventory:

Hand Weapons
 a - a +1 hand crossbow
 b - a +0 short sword
 n - a +2 dagger of venom (weapon)
 p - a +0 dagger
 q - a +0 dagger
Missiles
 c - 14 bolts
 f - 37 stones (quivered)
 j - 23 arrows
Armour
 d - a +0 leather armour (worn)
Jewellery
 i - an uncursed ring of ice {unknown}
Scrolls
 k - a scroll of enchant weapon {unknown}
 l - a scroll of identify {unknown}
Potions
 g - a potion of lignification {unknown}
 m - a potion of resistance {unknown}
Comestibles
 e - 2 bread rations
 h - 2 fruits
 o - 2 chunks of flesh


   Skills:
 + Level 2.2 Fighting
 + Level 0.1 Short Blades
 + Level 5.0 Crossbows
 + Level 0.3 Armour
 + Level 1.8 Dodging
 + Level 0.5 Stealth


You had 2 spell levels left.
You didn't know any spells.

Dungeon Overview and Level Annotations

Branches:
Dungeon (2/15)

Altars:
Makhleb
Nemelex Xobeh
Ru

Annotations:
D:2 Sigmund, Terence


Innate Abilities, Weirdness & Mutations

You have hooves in place of feet.
Armour fits poorly on your strangely shaped body.
You cover ground very quickly.
You have extremely tough skin (AC +3).


Message History

Terence barely misses you.
There is a stone staircase leading up here.
Firing (i - inventory. (,) - cycle):
c - 15 bolts (quivered)
Press: ? - help, Shift-Dir - straight line, f/p - Terence
Aim: Terence, wielding a trident of flaming and wearing a ring mail (heavily wounded)
You shoot a bolt. The bolt hits Terence!
Terence is almost dead.
Wield which item (- for none, * to show all)? (? for menu, Esc to quit)
It begins to drip with poison!
n - a +2 dagger of venom (weapon)
Terence hits you from afar with a trident of flaming!
Terence burns you.
Terence hits you from afar with a trident of flaming.
Terence burns you.
You closely miss Terence.
Terence is almost dead.
Terence hits you with a trident of flaming!
* * * LOW HITPOINT WARNING * * *
Terence burns you.
You die...

###########
#.....>...#
#.........###
#..<@..รท....######
#....@....#......#
#.....(........#...
#######(..####....#
#.(.# ###..
#........# .
.........?_.#
.............#
....._..8.....#


You could see Terence.

Vanquished Creatures
  An adder (D:2)
  A worm (D:2)
  4 giant cockroaches (D:1)
  6 bats
  A giant newt (D:1)
  3 goblins
  6 kobolds (D:1)
  A rat (D:1)
23 creatures vanquished.

Notes
Turn   | Place    | Note
--------------------------------------------------------------
     0 | D:1      | vonhedlund the Centaur Hunter began the quest for the Orb.
     0 | D:1      | Reached XP level 1. HP: 17/17 MP: 1/1
     6 | D:1      | Upgraded the game from 0.17-a0-1718-g72dbe4d to 0.18-a0-596-g6468885
     6 | D:1      | Upgraded the game from 0.18-a0-596-g6468885 to 0.18-a0-750-g37044d6
   349 | D:1      | Reached XP level 2. HP: 24/24 MP: 2/2
   366 | D:1      | Found a sparkling altar of Nemelex Xobeh.
   844 | D:2      | Found a burning altar of Makhleb.
   847 | D:2      | Upgraded the game from 0.18-a0-750-g37044d6 to 0.18-a0-801-gb01a236
   874 | D:2      | Found a sacrificial altar of Ru.
   876 | D:2      | Found a sparkling altar of Nemelex Xobeh.
   921 | D:2      | Noticed Sigmund
   993 | D:2      | Noticed Terence
  1125 | D:2      | Reached XP level 3. HP: 29/29 MP: 3/3
  1143 | D:2      | Reached skill level 5 in Crossbows
  1154 | D:2      | Slain by Terence

Vault maps used:
D:1:      dpeg_arrival_prison, nemelex_diamond_rough_becter
D:2:      grunt_temple_overflow_open, first_bread, uniq_sigmund, uniq_terence

Action                   || total
-------------------------++-------
Melee: Short sword       ||    74
       Dagger            ||     3
 Fire: Hand crossbow     ||    13
